 Dungeon Crawl Stone Soup version 0.18.1-5-g4a78601 (webtiles) character file.

69 Martinusm the Cudgeler (level 4, -8/36 HPs)
             Began as a Human Berserker on May 9, 2016.
             Was a Believer of Trog.
             Mangled by an orc warrior
             ... wielding a +0 long sword
              (16 damage)
             ... on level 4 of the Dungeon.
             The game lasted 00:22:35 (2678 turns).

Martinusm the Cudgeler (Human Berserker)            Turns: 2678, Time: 00:22:36

Health: -8/36      AC:  8    Str: 19    XL:     4   Next: 42%
Magic:  4/4        EV:  8    Int:  7    God:    Trog [**....]
Gold:   102        SH:  0    Dex: 12    Spells: 0 memorised, 3 levels left

rFire  . . .     SeeInvis .     s - -2 flail (curse)
rCold  . . .     Gourm    +     e - +0 chain mail
rNeg   . . .     Faith    .     (no shield)
rPois  .         Spirit   .     (no helmet)
rElec  .         Dismiss  .     (no cloak)
rCorr  .         Reflect  .     (no gloves)
SustAt .         Harm     .     (no boots)
MR     .....                    m - amulet of the gourmand
Stlth  ..........               (no ring)
                                (no ring)

@: not resistant to hostile enchantments, extremely unstealthy
A: no striking features
a: Berserk, Trog's Hand, Burn Spellbooks, Renounce Religion


You were on level 4 of the Dungeon.
You worshipped Trog.
Trog was pleased with you.
You were near starving.

You visited 1 branch of the dungeon, and saw 4 of its levels.

You collected 102 gold pieces.

Inventory:

Hand Weapons
 a - a +0 mace
 s - a cursed -2 flail (weapon)
 u - a +2 vampiric hand axe
Missiles
 f - 109 stones (quivered)
 h - 16 sling bullets
Armour
 b - a +0 animal skin
 e - a +0 chain mail (worn)
 q - a +0 ring mail
Jewellery
 m - an amulet of the gourmand (around neck)
Scrolls
 d - 2 scrolls of noise
 k - 4 scrolls of remove curse {unknown}
 p - a scroll of recharging {unknown}
Potions
 c - a potion of heal wounds {unknown}
 g - 2 potions of mutation {unknown}
 i - a potion of agility {unknown}
 j - a potion of might {unknown}
 l - a potion of magic {unknown}
 t - 2 potions of brilliance {unknown}
Books
 r - a book of Conjurations

   Spells                             Type                      Level
   a - Magic Dart                     Conjuration                  1
   b - Searing Ray                    Conjuration                  2
   c - Dazzling Spray                 Conjuration/Hexes            3
   d - Fulminant Prism                Conjuration/Hexes            4
   e - Iskenderun's Mystic Blast      Conjuration                  4
   f - Iskenderun's Battlesphere      Conjuration/Charms           5
   Trog disapproves of the use of such an item.
Comestibles
 n - a bread ration
 o - a royal jelly


   Skills:
 + Level 3.6 Fighting
 + Level 3.7 Maces & Flails
 + Level 2.7 Armour
 + Level 2.3 Dodging
 + Level 0.2 Stealth


You had 3 spell levels left.
You didn't know any spells.

Dungeon Overview and Level Annotations

Branches:
Dungeon (4/15)
 Temple: D:4-7

Altars:
Fedhas
Nemelex Xobeh
The Shining One


Message History

You climb downwards.
There is a stone staircase leading up here.
An orc warrior comes into view. It is wielding a long sword.
The orc warrior shouts!
An orc priest comes into view. It is wielding a short sword.
The orc priest shouts!
An orc priest comes into view. It is wielding a mace.
The orc priest shouts!
The orc priest mumbles some strange prayers to Beogh against you.
Beogh smites you!
Your chain mail prevents you from hitting the orc warrior.
The orc warrior hits you with a long sword!
You barely miss the orc warrior. The orc warrior barely misses you.
You barely miss the orc warrior.
The orc priest casts a cantrip, but nothing happens.
The orc warrior hits you with a long sword!
* * * LOW HITPOINT WARNING * * *
You hit the orc warrior but do no damage.
The orc warrior hits you with a long sword!
You die...

..........
.........
.........
.........
........#
......o.#
......oo# #
.......@######..#
###+#......<....#
#.#+#####......
#. #.### . # #. #


You could see an orc warrior and 2 orc priests.

Vanquished Creatures
  An ooze (D:2)
  2 worms
  A dart slug (D:1)
  A giant gecko (D:2)
  6 orcs (D:3)
  2 ball pythons (D:1)
  3 giant cockroaches
  7 goblins
  A hobgoblin (D:1)
  2 jackals (D:1)
  5 bats
  4 giant newts
  6 kobolds
  8 rats
  5 plants
54 creatures vanquished.

Notes
Turn   | Place    | Note
--------------------------------------------------------------
     0 | D:1      | Martinusm the Human Berserker began the quest for the Orb.
     0 | D:1      | Reached XP level 1. HP: 18/18 MP: 1/1
   322 | D:1      | Reached XP level 2. HP: 24/24 MP: 2/2
   818 | D:1      | Reached ** piety under Trog
   818 | D:1      | Reached XP level 3. HP: 27/29 MP: 3/3
  1542 | D:2      | Found a glowing golden altar of the Shining One.
  1626 | D:3      | Found a blossoming altar of Fedhas.
  1628 | D:3      | Reached XP level 4. HP: 31/35 MP: 4/4
  1979 | D:3      | Found a sparkling altar of Nemelex Xobeh.
  2672 | D:4      | Noticed an orc warrior
  2678 | D:4      | Mangled by an orc warrior

Action                   |  1- 3 |  4- 6 || total
-------------------------+-------+-------++-------
Melee: Mace              |   155 |   152 ||   307
       Flail             |       |    56 ||    56
  Use: Scroll            |     2 |     1 ||     3
  Eat: Bread ration      |     1 |       ||     1
Armor: Chain mail        |    85 |    49 ||   134
       Animal skin       |     1 |       ||     1
       Ring mail         |       |     1 ||     1
Dodge: Dodged            |    59 |    40 ||    99
